Map: Orbital Shipyard

Players

fOru - Winner!

  • Race: Terran Terran
  • League: Diamond

ReacH

  • Race: Protoss Protoss
  • League: Platinum

VOD

Have the link to the VOD?

Description

Time

  • Played on: March 4, 2016, 6:29 p.m.
  • Length: 17:30
Show
View Real Time Build Order
Export as new Build Order

fOru Terran - Winner!

Build Orders: Reaper Expand, MMM Bio 

Get SALT Encoding   

  12  0:03  SCV  
  13  0:15  SCV  
  14  0:21  Supply Depot  
  14  0:28  SCV  
  15  0:43  SCV, Barracks  
  15  0:48  Refinery  
  16  0:55  SCV  
  17  1:07  SCV  
  18  1:19  SCV  
  19  1:31  Orbital Command  
  19  1:33  Reaper  
  20  1:44  Command Center  
  20  1:59  SCV, Supply Depot  
  21  2:11  SCV  
  21  2:12  Factory  
  22  2:18  Refinery  
  22  2:23  SCV  
  23  2:33  Barracks Reactor  
  23  2:36  SCV  
  24  2:48  SCV  
  25  2:57  Barracks  
  25  3:00  SCV  
  25  3:01  Starport  
  25  3:03  Widow Mine  
  28  3:07  Orbital Command  
  28  3:12  SCV, Marine x2  
  31  3:24  SCV  
  32  3:31  Engineering Bay, Widow Mine  
  32  3:33  SCV  
  34  3:36  SCV, Marine x2  
  37  3:45  SCV  
  38  3:48  SCV  
  38  3:50  Bunker  
  38  3:53  Marine  
  38  3:54  Marine x2  
  42  4:11  Marine x2  
  42  4:14  Marine  
  45  4:21  Medivac  
  43  4:29  Marine  
  36  4:33  Command Center  
  31  4:41  Barracks Tech Lab  
  31  4:44  Terran Infantry Weapons Level 1  
  30  4:46  Missile Turret  
  30  4:53  SCV x2  
  32  5:03  Factory Reactor  
  32  5:04  Stimpack  
  32  5:05  Marine x2  
  32  5:06  Marine  
  35  5:12  Barracks  
  35  5:15  SCV  
  35  5:17  SCV  
  37  5:25  Starport Reactor  
  37  5:27  SCV  
  37  5:29  SCV  
  38  5:37  Marine x2  
  38  5:39  SCV  
  38  5:41  SCV  
  42  5:51  SCV  
  42  5:54  SCV  
  36  6:06  SCV x2  
  36  6:07  Orbital Command  
  36  6:08  Marine x2  
  36  6:09  Barracks Tech Lab  
  36  6:10  Medivac x2  
  44  6:14  Barracks  
  44  6:19  Barracks  
  44  6:20  SCV x2  
  46  6:32  SCV x2  
  48  6:38  SCV  
  48  6:39  Terran Infantry Armor Level 1  
  49  6:42  Factory Reactor  
  49  6:43  Missile Turret, Marine x2  
  49  6:44  SCV x2  
  53  6:49  Marauder x2, Orbital Command  
  53  6:53  Supply Depot  
  56  6:56  SCV  
  56  7:01  Marine  
  56  7:06  Combat Shields  
  56  7:07  Concussive Shells  
  57  7:10  Barracks Tech Lab  
  57  7:15  Marauder x2, Marine x3  
  64  7:19  Marine  
  65  7:24  SCV x3  
  68  7:32  Marine  
  68  7:34  Supply Depot x2  
  68  7:35  Engineering Bay, Supply Depot  
  69  7:39  Armory  
  69  7:52  Refinery x2  
  69  7:55  SCV x3, Marauder x2, Marine x3  
  69  7:56  Marauder, Medivac  
  83  8:04  Factory Reactor  
  83  8:07  SCV x3  
  86  8:19  SCV x2  
  76  8:27  Marine  
  76  8:28  Marauder x3, Marine x3  
  76  8:30  SCV  
  76  8:31  SCV  
  76  8:32  SCV  
  81  8:42  SCV  
  81  8:43  Terran Infantry Weapons Level 2  
  81  8:44  SCV x2  
  81  8:45  Marine x2  
  81  8:46  Marine  
  87  8:49  Marauder  
  87  8:51  Supply Depot  
  87  8:52  Supply Depot x2  
  87  8:54  Supply Depot  
  89  8:55  Supply Depot  
  89  8:57  Missile Turret  
  89  9:00  Missile Turret  
  89  9:01  Missile Turret  
  89  9:07  Missile Turret x2  
  89  9:08  Missile Turret  
  89  9:11  Widow Mine x2  
  89  9:12  Starport  
  89  9:13  SCV x3  
  96  9:20  Refinery x2  
  96  9:23  Medivac  
  98  9:25  SCV x3, Medivac  
  103  9:37  SCV x2  
  105  9:40  Command Center  
  105  9:42  Supply Depot  
  105  9:44  Liberator  
  105  9:45  Liberator  
  105  9:47  SCV  
  105  9:49  SCV, Marine  
  105  9:50  Marine x6  
  113  10:00  Medivac x2  
  113  10:04  SCV x3  
  126  10:09  Widow Mine x2  
  126  10:12  Liberator  
  126  10:13  Liberator  
  130  10:17  Supply Depot  
  130  10:20  Supply Depot  
  130  10:21  Supply Depot  
  130  10:23  Supply Depot x2  
  130  10:25  Supply Depot  
  130  10:27  Liberator  
  136  10:37  Widow Mine x2  
  140  10:48  Marauder x3, Marine x4  
  153  10:55  Missile Turret  
  153  11:04  Liberator x3  
  153  11:06  Missile Turret  
  153  11:07  Missile Turret  
  153  11:09  Marauder  
  153  11:11  Missile Turret  
  155  11:25  Refinery  
  164  11:26  Marine x4  
  164  11:27  Marine x2, Refinery  
  164  11:29  Planetary Fortress  
  170  11:37  Barracks  
  170  11:40  Barracks  
  170  11:43  Liberator  
  170  11:44  Barracks  
  146  11:47  Liberator  
  128  12:02  Marine  
  128  12:03  Marauder x3, Marine x3  
  141  12:19  Terran Infantry Weapons Level 3, Command Center  
  141  12:20  Marine x2  
  141  12:21  Marine x2  
  141  12:22  Terran Infantry Armor Level 2  
  145  12:23  Terran Ship Weapons Level 1  
  145  12:24  Marauder x2, Marine  
  150  12:33  Widow Mine  
  150  12:34  Widow Mine  
  153  12:46  Liberator x2  
  153  12:49  Marine x2  
  153  12:50  Marauder x2, Barracks Tech Lab x2, Barracks Reactor  
  155  12:52  Marine  
  155  12:53  Marauder, Marine  
  139  13:06  Medivac x2  
  139  13:07  Marine x2  
  139  13:10  Marine  
  139  13:11  Marauder x2  
  150  13:14  Marauder  
  150  13:18  Liberator  
  150  13:19  Liberator  
  152  13:33  Marauder x2  
  156  13:37  Liberator  
  162  13:48  Marauder, Marine x3  
  163  13:49  Marauder x2, Marine x3  
  163  13:54  Marauder x2  
  173  13:57  Missile Turret  
  173  13:58  Missile Turret, Refinery  
  173  13:59  Missile Turret  
  173  14:00  Missile Turret  
  173  14:02  Refinery  
  171  14:10  Marauder  
  171  14:16  Liberator  
  150  14:28  Marine x2  
  150  14:29  Marauder x2, Marine  
  149  14:32  Marine  
  149  14:33  Marauder x3, Marine x2  
  156  14:55  Planetary Fortress  
  156  14:59  Marine x2  
  153  15:00  Marauder x4, Marine x2  
  153  15:01  Marine  
  163  15:40  Missile Turret  
  163  15:42  Missile Turret  
  163  15:43  Missile Turret  
  163  15:44  Marauder, Marine x2  
  163  15:45  Command Center  
  167  15:58  SCV x4  
  171  16:05  Liberator x2  
  171  16:10  SCV  
  172  16:23  Medivac x2  
  182  16:34  Marine  
  182  16:35  Marauder x3, Marine x3  
  187  16:49  Marine  
  187  16:50  Marauder x2, Marine  
  187  16:52  Marine x2  
  187  16:53  Marine, Medivac  
  192  16:54  Ghost Academy  
  192  16:56  Marauder  
  192  16:57  Marauder  
  191  17:03  Marine  
  191  17:04  Marauder  
  191  17:07  Marine x2  
  196  17:10  Marine x2  
Show
View Real Time Build Order
Export as new Build Order

ReacH Protoss 

Build Orders: 1 Gate Expand, Oracle Opening 

Get SALT Encoding   

  12  0:01  Probe (Chrono Boost)  
  13  0:11  Probe (Chrono Boost)  
  14  0:17  Pylon  
  14  0:22  Probe (Chrono Boost)  
  16  0:35  Probe (Chrono Boost)  
  16  0:36  Gateway  
  16  0:47  Assimilator, Probe (Chrono Boost)  
  17  0:57  Probe (Chrono Boost)  
  18  1:08  Probe (Chrono Boost)  
  19  1:24  Nexus  
  20  1:25  Probe (Chrono Boost)  
  20  1:34  Cybernetics Core  
  20  1:39  Probe (Chrono Boost)  
  21  1:48  Assimilator  
  21  1:50  Probe (Chrono Boost)  
  22  1:54  Pylon  
  22  2:01  Probe (Chrono Boost)  
  23  2:12  Adept (Chrono Boost)  
  23  2:15  Warp Gate  
  25  2:16  Probe  
  25  2:18  Pylon  
  26  2:28  Probe  
  26  2:38  Probe  
  26  2:40  Probe  
  27  2:45  Adept (Chrono Boost)  
  27  2:48  Stargate  
  27  2:50  Probe  
  30  2:59  Probe  
  30  3:00  Probe  
  32  3:11  Mothership Core, Probe  
  35  3:21  Probe  
  36  3:32  Probe  
  36  3:33  Probe  
  38  3:34  Pylon  
  38  3:36  Adept (Chrono Boost)  
  38  3:37  Oracle (Chrono Boost)  
  43  3:45  Pylon, Probe x2  
  45  3:49  Pylon  
  45  3:57  Probe x2  
  49  4:09  Probe  
  50  4:10  Probe  
  50  4:11  Pylon  
  49  4:21  Probe  
  49  4:22  Probe  
  51  4:32  Robotics Facility  
  51  4:33  Probe  
  51  4:34  Adept, Probe  
  52  4:39  Oracle (Chrono Boost)  
  52  4:42  Nexus  
  52  4:45  Probe  
  56  4:47  Probe  
  57  4:54  Gateway  
  57  4:57  Probe  
  57  4:58  Gateway  
  57  4:59  Assimilator, Probe  
  59  5:01  Assimilator  
  59  5:04  Pylon  
  59  5:07  Adept  
  61  5:17  Pylon  
  61  5:18  Pylon  
  61  5:30  Probe  
  61  5:32  Probe  
  60  5:36  Observer (Chrono Boost)  
  60  5:40  Pylon  
  61  5:43  Probe  
  63  5:50  Probe  
  63  5:55  Stalker  
  65  6:00  Probe  
  65  6:03  Probe  
  62  6:05  Probe  
  67  6:12  Immortal (Chrono Boost), Probe  
  67  6:18  Robotics Bay  
  68  6:19  Probe  
  68  6:21  Twilight Council, Probe  
  68  6:22  Forge  
  68  6:25  Sentry  
  72  6:26  Forge, Adept  
  72  6:27  Gateway x2  
  72  6:28  Probe  
  72  6:30  Probe  
  71  6:33  Probe  
  72  6:40  Probe x2  
  72  6:45  Probe  
  75  6:51  Pylon  
  75  6:54  Pylon  
  75  6:55  Pylon  
  75  6:56  Probe  
  76  7:03  Colossus (Chrono Boost)  
  76  7:06  Extended Thermal Lance (Chrono Boost), Probe  
  76  7:07  Probe  
  84  7:10  Assimilator, Zealot x2  
  84  7:11  Assimilator  
  88  7:16  Probe  
  88  7:17  Phoenix  
  91  7:27  Protoss Ground Weapons Level 1 (Chrono Boost)  
  91  7:28  Probe  
  91  7:29  Probe x2  
  94  7:38  Pylon  
  94  7:40  Probe  
  94  7:42  Probe  
  94  7:43  Phoenix  
  96  7:44  Pylon  
  96  7:49  Probe  
  99  7:52  Protoss Ground Armor Level 1 (Chrono Boost)  
  99  7:53  Probe  
  99  7:58  Stalker x4  
  106  7:59  Zealot  
  110  8:08  Phoenix  
  108  8:21  Probe  
  104  8:29  Blink  
  104  8:33  Probe x2  
  106  8:34  Probe  
  106  8:37  Colossus  
  106  8:40  Phoenix  
  115  9:01  Photon Cannon x2  
  115  9:03  Photon Cannon  
  115  9:06  Phoenix  
  117  9:16  Templar Archives  
  117  9:20  Nexus  
  117  9:21  Pylon  
  117  9:24  Colossus  
  117  9:34  Pylon  
  117  9:37  Protoss Ground Armor Level 2 (Chrono Boost)  
  123  9:43  Protoss Ground Weapons Level 2 (Chrono Boost)  
  123  9:47  Assimilator  
  123  9:53  Assimilator, Gateway  
  123  9:54  Gateway  
  123  9:56  Gateway x2  
  123  9:59  Pylon  
  123  10:03  High Templar x2  
  123  10:05  Zealot x3  
  133  10:14  Probe x3  
  136  10:26  Probe  
  143  10:30  Probe  
  143  10:32  Warp Prism  
  144  10:38  Probe  
  144  10:42  Archon  
  141  10:43  High Templar x2  
  141  10:44  High Templar  
  141  10:45  High Templar  
  149  10:52  Zealot  
  149  10:53  Pylon  
  149  10:54  Archon x2  
  149  10:55  Pylon, Probe x3  
  154  11:00  Zealot x3  
  154  11:04  Colossus  
  160  11:06  Pylon  
  160  11:07  Probe x2  
  160  11:08  Probe  
  160  11:09  Pylon  
  163  11:17  High Templar x2  
  167  11:19  Adept x4, Probe  
  167  11:23  Archon  
  172  11:30  Stalker x2  
  172  11:31  Stalker  
  178  11:35  Resonating Glaives  
  132  11:49  High Templar x2  
  132  11:50  High Templar  
  108  11:55  Zealot x2, Archon  
  108  11:56  Zealot x4, Colossus  
  122  12:16  Gateway  
  122  12:19  High Templar x2, Gateway  
  122  12:20  Zealot x4, Pylon  
  134  12:23  Archon  
  134  12:34  Stalker x3  
  123  12:53  Zealot  
  123  12:54  Zealot x5  
  123  12:57  Observer  
  111  13:02  Zealot x3  
  118  13:06  Nexus  
  118  13:07  Pylon  
  118  13:08  Dark Shrine  
  112  13:15  High Templar x3  
  112  13:16  High Templar  
  112  13:17  Zealot x2  
  118  13:26  Archon x2  
  113  13:30  Stalker x3  
  119  13:42  Zealot, Pylon  
  119  13:43  Zealot x3  
  127  13:49  Zealot x2  
  127  13:50  Zealot  
  133  14:01  Zealot x2  
  133  14:02  Zealot  
  136  14:17  Zealot x4  
  136  14:18  Zealot x4  
  140  14:30  High Templar x2  
  140  14:31  High Templar  
  132  14:38  Charge  
  122  14:51  High Templar, Psionic Storm  
  122  14:52  High Templar x3  
  126  14:54  Adept x4  
  126  14:58  Archon x2  
  128  15:02  Nexus  
  128  15:08  Probe x2  
  128  15:09  Probe  
  125  15:16  High Templar x2  
  125  15:17  Adept  
  125  15:18  Adept  
  125  15:20  Probe  
  125  15:36  High Templar x2  
  129  15:48  Pylon  
  129  15:51  Colossus, Pylon  
  134  16:19  Zealot  
  134  16:21  Stalker  
  138  16:31  Stalker x4  
  145  16:44  Stalker x3  
  105  17:02  High Templar x3  
  105  17:06  High Templar  
  105  17:07  Zealot x2  
  105  17:08  Zealot  
  115  17:12  Archon x2  
Tags
 
Add a new tag
Caveats
  • Supply blocks, unpowered buildings, or Contaminate may cause inaccurate times.
  • Supply counts are checked every 10 seconds.